 Dungeon Crawl Stone Soup version 0.29.1-2-gbd0b4ee654 (webtiles) character file.

Game seed: 16409698412970374637

63147 hawla the Martial Artist (level 15, -4/117 HPs)
             Began as a Gnoll Wanderer on Nov 20, 2022.
             Was a Follower of Jiyva.
             Slain by an orc knight
             ... wielding a +0 long sword
              (33 damage)
             ... on level 2 of the Orcish Mines on Nov 21, 2022.
             The game lasted 01:32:20 (28506 turns).

hawla the Martial Artist (Gnoll Wanderer)          Turns: 28506, Time: 01:32:20

Health: -4/117     AC: 14    Str: 16    XL:     15   Next: 8%
Magic:  10/41      EV: 16    Int: 24    God:    Jiyva [*.....]
Gold:   605        SH:  5    Dex: 11    Spells: 7/35 levels left

rFire   + + .      SeeInvis +   i - +3 spear (distort)
rCold   + . .      Faith    .   (no shield)
rNeg    . . .      Spirit   .   A - +1 steam dragon scales
rPois   +          Reflect  +   L - +0 helmet {SInv}
rElec   .          Harm     .   J - scarf {rC+ rF+}
rCorr   .          Rampage  .   b - +1 pair of gloves
Will    ++...                   k - +1 pair of boots of Privacy {rPois Will+ Regen+ Int+7}
Stlth   ++++......              l - amulet of reflection
HPRegen 1.89/turn               s - ring of magical power
MPRegen 0.52/turn               f - ring of protection from fire

@: studying Unarmed Combat
A: fangs 1, strong nose, distributed training, high MP 1, strong 1
a: Renounce Religion


You were on level 2 of the Orcish Mines.
You worshipped Jiyva.
Jiyva was aware of your devotion.
You visited 5 branches of the dungeon, and saw 24 of its levels.
You also visited: Sewer and Gauntlet.

You collected 5310 gold pieces.
You spent 4666 gold pieces at shops.
You paid 39 gold pieces to Gozag.

Inventory:

Hand Weapons
 i - a +3 spear of distortion (weapon)
 H - the +10 short sword of Turmoil {pain, Fragile rC++ Dex+2}
   (You found it on level 3 of the Lair of Beasts)

   In the hands of one skilled in necromantic magic, it inflicts extra damage on
   living creatures.
   Dex:       It affects your dexterity (+2).
   rC:        It greatly protects you from cold.
   Fragile:   It will be destroyed if unequipped.
 O - the +6 trident of the Stained God {pain, rN+}
   (You found it in a Gauntlet)

   In the hands of one skilled in necromantic magic, it inflicts extra damage on
   living creatures.
   rN:        It protects you from negative energy.
 V - the +5 flail "Giantslayer" {chaos, rC+}
   (You found it in a Gauntlet)

   Each time it hits an enemy it has a different, random effect.
   rC:        It protects you from cold.
 Z - the +3 demon whip of the Egg {flame, rPois Str+3}
   (You bought it in a shop on level 8 of the Dungeon)

   It burns those it strikes, dealing additional fire damage.
   Str:       It affects your strength (+3).
   rPois:     It protects you from poison.
Missiles
 h - 4 throwing nets
 n - 2 curare-tipped darts
 Q - 17 javelins
 W - 2 boomerangs
Armour
 b - a +1 pair of gloves (worn)
 k - the +1 pair of boots of Privacy (worn) {rPois Will+ Regen+ Int+7}
   (You found it on level 8 of the Dungeon)

   Int:       It affects your intelligence (+7).
   rPois:     It protects you from poison.
   Regen:     It increases your rate of health regeneration.
   Will:      It increases your willpower.
 o - a scarf of repulsion
 A - +1 steam dragon scales (worn)
 I - a +2 robe of cold resistance
 J - a scarf of resistance (worn)
 L - a +0 helmet of see invisible (worn)
 S - the +3 salamander hide armour {Flames rF++ rC--}
   (You found it in a Gauntlet)

   It surrounds you with a cloud of flames.
   It grants immunity to clouds of flame.
   It enhances your fire magic.
   rF:        It greatly protects you from fire.
   rC:        It makes you very vulnerable to cold.
Jewellery
 c - a +4 ring of protection
 d - a +4 ring of evasion
 e - a ring of flight
 f - a ring of protection from fire (right hand)
 l - an amulet of reflection (around neck)
 s - a ring of magical power (left hand)
 x - the ring of Yruurutz {rPois rN+ Dex+4}
   (You found it on level 8 of the Dungeon)

   [ring of positive energy]

   Dex:       It affects your dexterity (+4).
   rPois:     It protects you from poison.
   rN:        It protects you from negative energy.
 C - the ring "Xaqetiq" {rF- rC+ Int+5 Dex+6 SInv}
   (You found it in a Gauntlet)

   [ring of dexterity]

   Int:       It affects your intelligence (+5).
   Dex:       It affects your dexterity (+6).
   rF:        It makes you vulnerable to fire.
   rC:        It protects you from cold.
   SInv:      It lets you see invisible.
 E - a ring of see invisible
 G - a ring of positive energy
Wands
 m - a wand of roots (1) (quivered)
 p - a wand of digging (1)
 t - a wand of acid (4)
 y - a wand of polymorph (2)
 U - a wand of flame (13)
Scrolls
 a - 3 scrolls of identify
 w - a scroll of silence
 F - 2 scrolls of fog
 M - 3 scrolls of teleportation
Potions
 g - a potion of attraction
 j - a potion of heal wounds
 q - 4 potions of curing
 r - 6 potions of brilliance
 u - a potion of invisibility
 v - a potion of ambrosia
 z - 2 potions of lignification
 B - 3 potions of haste
 D - 3 potions of cancellation
 Y - a potion of berserk rage
Miscellaneous
 N - a tin of tremorstones (2/2)
 T - a tin of tremorstones (2/2)


   Skills:
 + Level 10.6 Fighting
 + Level 10.2 Short Blades
 + Level 10.2 Long Blades
 + Level 11.2 Axes
 + Level 10.2 Maces & Flails
 + Level 10.2 Polearms
 + Level 10.2 Staves
 + Level 10.2 Ranged Weapons
 + Level 10.2 Throwing
 + Level 10.6 Armour
 + Level 10.6 Dodging
 + Level 10.2 Stealth
 + Level 10.2 Shields
 + Level 11.2 Unarmed Combat
 + Level 10.6 Spellcasting
 + Level 8.6 Conjurations
 + Level 8.6 Hexes
 + Level 8.6 Summonings
 + Level 8.6 Necromancy
 + Level 10.2 Translocations
 + Level 8.6 Transmutations
 + Level 8.6 Fire Magic
 + Level 8.6 Ice Magic
 + Level 8.6 Air Magic
 + Level 8.6 Earth Magic
 + Level 8.6 Poison Magic
 + Level 11.1 Invocations
 + Level 10.6 Evocations


You had 7 spell levels left.
You knew the following spells:

 Your Spells              Type           Power      Damage    Failure   Level
a - Apportation           Tloc           100%       N/A       1%          1
b - Gell's Gravitas       Tloc           58%        N/A       1%          3
c - Olgreb's Toxic Radia  Pois           52%        N/A       1%          4
d - Flame Wave            Conj/Fire      52%        2d13      1%          4
e - Dispel Undead         Necr           52%        3d19      1%          4
f - Airstrike             Air            26%        2d(4-20)  1%          4
g - Freezing Cloud        Conj/Ice/Air   26%        6-21      4%          5
h - Vampiric Draining     Necr           52%        2d9       1%          3

Your spell library contained the following spells:

 Spells                   Type           Power      Damage    Failure   Level
 Foxfire                  Conj/Fire      100%       2x1d9     1%          1
 Slow                     Hex            100%       N/A       1%          1
 Sting                    Tmut/Pois      100%       1d8       1%          1
 Poisonous Vapours        Pois/Air       100%       N/A       1%          2
 Confusing Touch          Hex            52%        N/A       1%          3
 Conjure Flame            Conj/Fire      52%        6-21      1%          3
 Inner Flame              Hex/Fire       52%        N/A       1%          3
 Stone Arrow              Conj/Erth      100%       3d13      1%          3
 Anguish                  Hex/Necr       26%        N/A       1%          4
 Animate Armour           Summ/Erth      100%       N/A       1%          4
 Animate Dead             Necr           52%        N/A       1%          4
 Corpse Rot               Necr/Pois/Air  52%        N/A       1%          4
 Hailstorm                Conj/Ice       52%        3d12      1%          4
 Ice Form                 Ice/Tmut       52%        N/A       1%          4
 Leda's Liquefaction      Hex/Erth       26%        N/A       1%          4
 Summon Lightning Spire   Summ/Air       52%        N/A       1%          4
 Borgnjor's Vile Clutch   Necr/Erth      26%        N/A       4%          5
 Iskenderun's Battlesphe  Conj           52%        2d10      4%          5
 Lee's Rapid Deconstruct  Erth           26%        3d15*     4%          5
 Lightning Bolt           Conj/Air       26%        1d42      4%          5
 Death Channel            Necr           26%        N/A       22%         6
 Iron Shot                Conj/Erth      26%        9d6       22%         6
 Simulacrum               Ice/Necr       26%        N/A       22%         6
 Statue Form              Tmut/Erth      34%        N/A       22%         6
 Enfeeble                 Hex            26%        N/A       77%         7
 Spellforged Servitor     Conj/Summ      26%        N/A       77%         7
 Storm Form               Tmut/Air       26%        N/A       77%         7
 Lehudib's Crystal Spear  Conj/Erth      26%        10d7      100%        8
 Maxwell's Capacitive Co  Air            26%        ∞         100%        8


Dungeon Overview and Level Annotations

Branches:
Dungeon (11/15)            Temple (1/1) D:4            Lair (5/5) D:8
  Swamp (0/4) Lair:2       Spider (0/4) Lair:3        Slime (5/5) Lair:4
    Orc (2/2) D:11            Elf (0/3) Orc:2         Sewer (visited)
Gauntlet (visited)

Altars:
Ashenzari
Cheibriados
Dithmenos
Elyvilon
Fedhas
Gozag
Hepliaklqana
Kikubaaqudgha
Makhleb
Nemelex Xobeh
Okawaru
Qazlal
Ru
Sif Muna
Trog
Uskayaw
Vehumet
Wu Jian
Xom
Yredelemnul
Zin
The Shining One
Jiyva

Shops:
D:2 :   D:8 (*

Annotations:
Abyss:1 Getisk's ghost, journeyman PaAK


Innate Abilities, Weirdness & Mutations

You have very sharp teeth.
Your uncanny sense of smell can sniff out nearby items.
Your experience applies equally to all skills.
You have an increased reservoir of magic. (+10% MP)
Your muscles are strong. (Str +4, Int/Dex -1)


Message History

The orc warrior looks even sicker.
The orc knight looks as sick as possible! x2
The orc knight hits you with a +0 long sword!!
An orc comes into view. It is wielding a +0 short sword.
An orc warrior comes into view. It is wielding a +0 mace.
You hear a shout!
Casting: Olgreb's Toxic Radiance (mildly dangerous; 1% risk of failure)
Confirm with . or Enter, or press ? or * to list all spells.
Casting: Flame Wave (mildly dangerous; 1% risk of failure)
Press: ? - help, Dir - look around, f - activate A wave of flame ripples out!
The flame wave engulfs the orc knight!
The orc knight is severely wounded.
The flame wave engulfs the orc knight.
The orc knight is moderately wounded.
The flame wave engulfs the orc knight but does no damage.
The orc knight is almost dead. (Press . to intensify the flame waves.)
The orc warrior is poisoned.
You kill the orc!
The orc is poisoned.
The orc knight looks as sick as possible!
The orc warrior looks as sick as possible!
Your toxic aura wanes.
You kill the orc knight!
The orc knight completely misses you.
An orc warrior comes into view. It is wielding a +0 trident.
You block the orc knight's attack.
The orc warlord roars a battlecry!
You feel your intelligence returning.
A wave of flame ripples out!
The flame wave engulfs the orc knight!
The orc knight is almost dead.
The flame wave engulfs the orc knight!
The orc knight is severely wounded.
The flame wave engulfs the orc warrior!!
The orc warrior is severely wounded.
The orc warrior hits you from afar with a +0 trident!!
The orc knight hits you with a +0 battleaxe!!
* * * LOW HITPOINT WARNING * * *
The orc knight hits you with a +0 long sword!!
You die...

............
.......ooo.
#....oo... .....)).
#)..))# .. #..)o)#
... #8)o)8# ...
#..o@.#### ....#..
#.....##.#####.#.....
##..))..........#.#..
##.#.##...#....##...
##...##...#........
##.......#........
##...............
#................
##.####..........


You could see an orc warlord (strong, extremely poisoned), 2 orc knights, 4 orc
warriors and an orc (strong, poisoned).

Vanquished Creatures
  An entropy weaver (Gauntlet)
  The ghost of superradish the Warrior, a journeyman MiMo (Lair:3)
  A minotaur (Gauntlet)
  The ghost of kingsuperguy the Impaler, a journeyman MiBe of Trog (Lair:3)
  Fannar (Lair:3)
  6 boulder beetles
  5 catoblepae
  5 hydras
  A two-headed ogre (D:10)
  7 death yaks
  A centaur warrior (D:9)
  Urug (Lair:2)
  Sonja (Orc:2)
  A sixfirhy (Gauntlet)
  A bog body (Lair:2)
  A lindwurm (Lair:2)
  An orc knight (Orc:2)
  3 wolf spiders
  2 manticores (Lair:5)
  2 orc sorcerers (Orc:2)
  5 elephants (Lair:2)
  3 black mambas
  A gargoyle (Gauntlet)
  A torpor snail (Lair:2)
  6 cane toads
  Maggie (D:8)
  A rime drake (Lair:4)
  6 komodo dragons
  3 trolls
  2 polar bears (Lair:3)
  A hornet (D:10)
  Prince Ribbit (D:8)
  12 blink frogs
  4 dream sheep (Lair:4)
  Sigmund (D:4)
  2 jumping spiders (Lair:2)
  4 wyverns
  A water elemental (D:11)
  A vampire (D:9)
  62 yaks
  A redback (Gauntlet)
  4 vampire mosquitoes (D:10)
  5 basilisks
  2 steam dragons
  An acid dragon (D:9)
  16 water moccasins
  3 ice beasts
  3 sky beasts
  3 black bears
  12 orc warriors
  4 ogres
  2 centaurs
  12 wolves
  A phantom (D:4)
  A kobold brigand (D:10)
  11 bullfrogs
  2 necrophages (D:7)
  A gnoll sergeant (D:11)
  5 scorpions
  A killer bee (D:9)
  6 electric eels (D:11)
  3 howler monkeys
  A lava snake (Lair:2)
  9 hounds
  5 jellies
  12 orc priests
  A gnoll bouda (D:5)
  2 iguanas
  19 orc wizards
  15 gnolls
  8 adders
  3 white imps
  4 ufetubi
  2 worms
  4 dart slugs
  44 orcs
  A bat zombie (D:2)
  15 endoplasms
  9 goblins
  9 hobgoblins
  3 jackals (Sewer)
  15 kobolds
  6 quokkas
  11 ball pythons
  2 bats (D:1)
  3 frilled lizards
  8 rats
  A bush (Lair:5)
472 creatures vanquished.

Vanquished Creatures (others)
  A bush (D:8)
  29 fungi
  86 plants
  4 withered plants (Lair:3)
120 creatures vanquished.

Grand Total: 592 creatures vanquished

Notes
Turn   | Place    | Note
-------+----------+-------------------------------------------
     0 | D:1      | hawla the Gnoll Wanderer began the quest for the Orb.
     0 | D:1      | hawla set off with the following items: a +2 hand axe, a +0
                  | pair of gloves, a scroll of teleportation, a +0 leather
                  | armour; and the following spell memorised: Apportation; and
                  | the following spells available to memorise: Gell's
                  | Gravitas.
     0 | D:1      | Reached XP level 1. HP: 17/17 MP: 4/4
   283 | D:1      | Reached XP level 2. HP: 23/23 MP: 5/5
   791 | D:1      | Reached XP level 3. HP: 28/28 MP: 7/7
  1295 | D:1      | Learned a level 3 spell: Gell's Gravitas
  1330 | D:2      | Reached skill level 1 in Invocations
  1365 | D:2      | Reached skill level 1 in Short Blades
  1365 | D:2      | Reached skill level 1 in Long Blades
  1365 | D:2      | Reached skill level 1 in Maces & Flails
  1365 | D:2      | Reached skill level 1 in Polearms
  1365 | D:2      | Reached skill level 1 in Staves
  1365 | D:2      | Reached skill level 1 in Ranged Weapons
  1365 | D:2      | Reached skill level 1 in Throwing
  1365 | D:2      | Reached skill level 1 in Stealth
  1365 | D:2      | Reached skill level 1 in Shields
  1365 | D:2      | Reached skill level 1 in Unarmed Combat
  1699 | D:2      | Found Qich's Book Shop.
  1715 | D:2      | Found a faded altar of an unknown god.
  2029 | D:3      | Reached XP level 4. HP: 34/34 MP: 8/8
  2250 | D:3      | Noticed a scorpion
  2262 | D:3      | Killed a scorpion
  2263 | D:3      | Reached skill level 1 in Conjurations
  2263 | D:3      | Reached skill level 1 in Hexes
  2263 | D:3      | Reached skill level 1 in Summonings
  2263 | D:3      | Reached skill level 1 in Necromancy
  2263 | D:3      | Reached skill level 1 in Transmutations
  2263 | D:3      | Reached skill level 1 in Fire Magic
  2263 | D:3      | Reached skill level 1 in Ice Magic
  2263 | D:3      | Reached skill level 1 in Air Magic
  2263 | D:3      | Reached skill level 1 in Earth Magic
  2263 | D:3      | Reached skill level 1 in Poison Magic
  2263 | D:3      | Reached XP level 5. HP: 35/40 MP: 3/9
  2904 | D:3      | Found an ornate altar of the Wu Jian Council.
  3505 | D:4      | Noticed a phantom
  3513 | D:4      | Killed a phantom
  3514 | D:4      | Reached skill level 5 in Axes
  3514 | D:4      | Reached XP level 6. HP: 45/47 MP: 9/11
  3606 | D:4      | Found a sacrificial altar of Ru.
  3835 | D:4      | Reached skill level 5 in Fighting
  3835 | D:4      | Reached skill level 5 in Short Blades
  3835 | D:4      | Reached skill level 5 in Long Blades
  3835 | D:4      | Reached skill level 5 in Maces & Flails
  3835 | D:4      | Reached skill level 5 in Polearms
  3835 | D:4      | Reached skill level 5 in Staves
  3835 | D:4      | Reached skill level 5 in Ranged Weapons
  3835 | D:4      | Reached skill level 5 in Throwing
  3835 | D:4      | Reached skill level 5 in Armour
  3835 | D:4      | Reached skill level 5 in Dodging
  3835 | D:4      | Reached skill level 5 in Stealth
  3835 | D:4      | Reached skill level 5 in Shields
  3835 | D:4      | Reached skill level 5 in Unarmed Combat
  3835 | D:4      | Reached skill level 5 in Spellcasting
  3835 | D:4      | Reached skill level 5 in Invocations
  3835 | D:4      | Reached skill level 5 in Evocations
  3835 | D:4      | Reached XP level 7. HP: 16/57 MP: 4/15
  4163 | D:4      | Found a staircase to the Ecumenical Temple.
  4172 | Temple   | Entered the Ecumenical Temple
  4281 | Temple   | Became a worshipper of Gozag Ym Sagoz the Greedy
  4326 | D:4      | Noticed Sigmund
  4700 | D:4      | Killed Sigmund
  4863 | D:4      | Reached XP level 8. HP: 19/64 MP: 1/17
  5517 | D:5      | Entered Level 5 of the Dungeon
  5794 | D:5      | Found a glowing drain.
  5807 | Sewer    | Entered a sewer
  7078 | D:5      | Reached XP level 9. HP: 31/69 MP: 18/18
  7965 | D:2      | Bought a Young Poisoner's Handbook for 260 gold pieces
  7970 | D:2      | Learned a level 4 spell: Olgreb's Toxic Radiance
  9044 | D:2      | Bought a book of Flames for 390 gold pieces
  9175 | D:7      | Learned a level 4 spell: Flame Wave
 10013 | D:7      | Found an ancient bone altar of Kikubaaqudgha.
 10317 | D:8      | Found Wodwam's Sacrilege Store.
 10329 | D:8      | Identified the +0 ring mail "Foov" {rF- Will++ Dex-4
                  | Slay+6}
 10609 | D:8      | Reached XP level 10. HP: 28/77 MP: 3/20
 10612 | D:8      | Reached skill level 5 in Conjurations
 10612 | D:8      | Reached skill level 5 in Hexes
 10612 | D:8      | Reached skill level 5 in Summonings
 10612 | D:8      | Reached skill level 5 in Necromancy
 10612 | D:8      | Reached skill level 5 in Transmutations
 10612 | D:8      | Reached skill level 5 in Fire Magic
 10612 | D:8      | Reached skill level 5 in Ice Magic
 10612 | D:8      | Reached skill level 5 in Air Magic
 10612 | D:8      | Reached skill level 5 in Earth Magic
 10612 | D:8      | Reached skill level 5 in Poison Magic
 10860 | D:8      | Identified the ring of Yruurutz {rPois rN+ Dex+4}
 10892 | D:8      | Noticed Maggie
 11603 | D:8      | Noticed Prince Ribbit
 11622 | D:8      | Killed Prince Ribbit
 11685 | D:8      | HP: 1/77 [acid dragon/splash of acid (21)]
 12031 | D:8      | Killed Maggie
 12100 | D:8      | Found a staircase to the Lair.
 12157 | D:8      | Identified the +1 pair of boots of Privacy {rPois Will+
                  | Regen+ Int+7}
 12191 | D:8      | Bought a book of Decay for 476 gold pieces
 12474 | D:8      | Reached XP level 11. HP: 52/84 MP: 7/21
 12632 | D:8      | Found Rirameklu's Antique Weapon Boutique.
 12733 | D:9      | Gained mutation: Your muscles are strong. (Str +4, Int/Dex
                  | -1) [potion of mutation]
 12733 | D:9      | Gained mutation: You have hidden genetic defects. [potion
                  | of mutation]
 12733 | D:9      | Lost mutation: You have hidden genetic defects. [potion of
                  | mutation]
 12733 | D:9      | Gained mutation: You have an increased reservoir of magic.
                  | (+10% MP) [potion of mutation]
 12956 | D:9      | Found a hide-covered altar of Uskayaw.
 12956 | D:9      | Found a basalt altar of Yredelemnul.
 13516 | D:9      | Noticed a centaur warrior
 13529 | D:9      | Killed a centaur warrior
 13916 | D:9      | Learned a level 4 spell: Dispel Undead
 13918 | D:9      | Found a white marble altar of Elyvilon.
 14081 | D:10     | Entered Level 10 of the Dungeon
 14083 | D:10     | Identified a scroll of acquirement
 14083 | D:10     | Acquired a book of Storms
 14090 | D:10     | Learned a level 4 spell: Airstrike
 14138 | D:10     | Noticed a two-headed ogre
 14157 | D:10     | Killed a two-headed ogre
 15405 | Lair:1   | Entered Level 1 of the Lair of Beasts
 15840 | D:2      | Bought the Catalogue of Variation and Hoarfrost for 468
                  | gold pieces
 16002 | Lair:1   | Learned a level 5 spell: Freezing Cloud
 16228 | Lair:1   | Reached XP level 12. HP: 83/92 MP: 22/26
 17201 | Lair:2   | Noticed Urug
 17215 | Lair:2   | Killed Urug
 17383 | Lair:2   | Found a staircase to the Swamp.
 17398 | Lair:2   | Noticed a four-headed hydra
 17406 | Lair:2   | Killed a four-headed hydra
 17694 | Lair:2   | Found a runed translucent door.
 18414 | Lair:2   | Identified the +1 hat "Tiac" {rPois rF- Stlth+}
 18550 | Lair:2   | Found a runed translucent gate.
 18550 | Lair:2   | Found a runed translucent gate.
 18550 | Lair:2   | Found a runed translucent gate.
 18550 | Lair:2   | Found a runed translucent gate.
 18550 | Lair:2   | Found a runed translucent gate.
 18550 | Lair:2   | Found a runed translucent gate.
 18550 | Lair:2   | Noticed a boulder beetle
 18550 | Lair:2   | Noticed a boulder beetle
 18550 | Lair:2   | Noticed a boulder beetle
 18795 | Lair:3   | Reached XP level 13. HP: 100/100 MP: 28/28
 18820 | Lair:3   | Noticed Fannar
 18838 | Lair:3   | Killed Fannar
 19044 | Lair:3   | Found a runed translucent gate.
 19044 | Lair:3   | Found a runed translucent gate.
 19045 | Lair:3   | Found a runed translucent gate.
 19090 | Lair:3   | You fall into a shaft and drop 1 floor!
 19360 | Lair:4   | Found a staircase to the Slime Pits.
 19368 | Lair:4   | Found a viscous altar of Jiyva.
 19611 | Lair:4   | Reached skill level 10 in Axes
 20139 | Lair:3   | Found a hole to the Spider Nest.
 20146 | Lair:3   | Identified the +10 short sword of Turmoil {pain, Fragile
                  | rC++ Dex+2}
 20680 | Lair:3   | Noticed superradish's ghost (journeyman MiMo)
 20680 | Lair:3   | Noticed Getisk's ghost (journeyman PaAK)
 20681 | Lair:3   | Noticed kingsuperguy's ghost (journeyman MiBe)
 21064 | Lair:3   | Killed superradish's ghost
 21068 | Lair:3   | Killed kingsuperguy's ghost
 21073 | Lair:3   | Banished Getisk's ghost
 21365 | Lair:5   | Entered Level 5 of the Lair of Beasts
 21427 | Lair:5   | Reached skill level 10 in Invocations
 21855 | Lair:5   | Reached XP level 14. HP: 85/109 MP: 5/30
 22476 | Lair:5   | Reached skill level 10 in Spellcasting
 22523 | Lair:5   | Reached skill level 10 in Unarmed Combat
 22713 | Lair:5   | Reached skill level 10 in Fighting
 22713 | Lair:5   | Reached skill level 10 in Armour
 22713 | Lair:5   | Reached skill level 10 in Dodging
 22713 | Lair:5   | Reached skill level 10 in Evocations
 23664 | Lair:2   | Reached skill level 10 in Translocations
 23902 | D:11     | Found a gate leading to a gauntlet.
 23908 | Gauntlet | Entered a Gauntlet
 23908 | Gauntlet | Found a transporter.
 23908 | Gauntlet | Found a transporter.
 23942 | Gauntlet | Found a transporter.
 23945 | Gauntlet | Found a transporter.
 23954 | Gauntlet | Found a transporter.
 23955 | Gauntlet | Found a transporter.
 23961 | Gauntlet | Noticed an entropy weaver
 23965 | Gauntlet | Found a transporter.
 23982 | Gauntlet | Found a runed translucent door.
 23986 | Gauntlet | Found a transporter.
 23988 | Gauntlet | Noticed a quicksilver ooze
 24000 | Gauntlet | Found a transporter.
 24003 | Gauntlet | Found a transporter.
 24011 | Gauntlet | Found a transporter.
 24014 | Gauntlet | Found a transporter.
 24149 | Gauntlet | Identified the ring "Xaqetiq" {rF- rC+ Int+5 Dex+6 SInv}
 24243 | Gauntlet | Reached skill level 10 in Short Blades
 24243 | Gauntlet | Reached skill level 10 in Long Blades
 24243 | Gauntlet | Reached skill level 10 in Maces & Flails
 24243 | Gauntlet | Reached skill level 10 in Polearms
 24243 | Gauntlet | Reached skill level 10 in Staves
 24243 | Gauntlet | Reached skill level 10 in Ranged Weapons
 24243 | Gauntlet | Reached skill level 10 in Throwing
 24243 | Gauntlet | Reached skill level 10 in Stealth
 24243 | Gauntlet | Reached skill level 10 in Shields
 24341 | Gauntlet | Killed an entropy weaver
 24417 | Gauntlet | Identified the +6 trident of the Stained God {pain, rN+}
 24474 | Gauntlet | Found the +3 salamander hide armour {Flames rF++ rC--}
 24497 | Gauntlet | Identified the +5 flail "Giantslayer" {chaos, rC+}
 24497 | Gauntlet | Identified the +1 leather armour "Poameif" {Will+ Int+3}
 25245 | D:11     | Reached XP level 15. HP: 117/117 MP: 16/32
 25343 | D:11     | Learned a level 3 spell: Vampiric Draining
 25573 | D:11     | Found a staircase to the Orcish Mines.
 25806 | D:2      | Bought a book of the Sky for 572 gold pieces
 25806 | D:2      | Bought a book of Armaments for 468 gold pieces
 25806 | D:2      | Bought a book of the Tundra for 442 gold pieces
 25806 | D:2      | Bought a book of Power for 546 gold pieces
 25949 | D:8      | Bought a book of Unlife for 504 gold pieces
 25978 | D:8      | Bought a brightly glowing demon whip for 540 gold pieces
 25978 | D:8      | Identified the +3 demon whip of the Egg {flame, rPois
                  | Str+3} (You bought it in a shop on level 8 of the Dungeon)
 26238 | Lair:4   | Fell from the grace of Gozag
 26238 | Lair:4   | Became a worshipper of Jiyva Jiloch the Shapeless
 26241 | Slime:1  | Entered Level 1 of the Pits of Slime
 26246 | Slime:1  | Noticed an acid blob
 26424 | Slime:1  | Noticed an azure jelly
 26442 | Slime:1  | Noticed an acid blob
 26608 | Slime:2  | Noticed an acid blob
 26732 | Slime:3  | Noticed an acid blob
 26732 | Slime:3  | Noticed an acid blob
 26735 | Slime:3  | Noticed an azure jelly
 26761 | Slime:3  | Noticed a rockslime
 26762 | Slime:3  | Noticed a rockslime
 26767 | Slime:3  | Noticed an acid blob
 26793 | Slime:3  | Noticed an azure jelly
 26794 | Slime:3  | Noticed a rockslime
 26812 | Slime:3  | Noticed an acid blob
 26816 | Slime:3  | Noticed an azure jelly
 26817 | Slime:3  | Noticed an acid blob
 27026 | Slime:4  | Noticed an azure jelly
 27160 | Slime:5  | Entered Level 5 of the Pits of Slime
 27164 | Slime:5  | Noticed an acid blob
 27192 | Slime:5  | Noticed an acid blob
 27201 | Slime:5  | Noticed an acid blob
 27251 | Slime:5  | Noticed an acid blob
 27295 | Slime:5  | Noticed a rockslime
 27305 | Slime:5  | Noticed an acid blob
 27323 | Slime:5  | Noticed an acid blob
 27340 | Slime:5  | Found a viscous altar of Jiyva.
 27369 | Slime:5  | Noticed an acid blob
 27378 | Slime:5  | Noticed an acid blob
 27403 | Slime:5  | Noticed an acid blob
 27945 | Orc:1    | Entered Level 1 of the Orcish Mines
 28420 | Orc:2    | Entered Level 2 of the Orcish Mines
 28420 | Orc:2    | Found a staircase to the Elven Halls.
 28420 | Orc:2    | Reached * piety under Jiyva
 28436 | Orc:2    | Noticed Sonja
 28450 | Orc:2    | Killed Sonja
 28500 | Orc:2    | Noticed an orc warlord
 28506 | Orc:2    | Slain by an orc knight

Illustrated notes

Levels and vault maps discovered:
D:1:      dpeg_arrival_central, layout_rooms, hangedman_decor_clover_reticule,
          kennysheep_another_room
D:2:      layout_rooms, serial_undead, serial_undead_a, serial_undead_c,
          serial_undead_e, serial_undead_d, ebering_ecumenical_altar_box,
          serial_shops, shop, feat_on_display
D:3:      layout_loops_corners, nicolae_wu_jian_immortal_techniques,
          chequers_serial_rivers_marsh
D:4:      minmay_diamond_boxcup, layout_loops_ring, nicolae_ru_awakened_eye,
          minmay_temple_entry_drinking_statues, bh_walls_and_bars, uniq_sigmund
D:5:      wander_river, layout_loops_ring, portal_sewer_entry_b,
          kennysheep_generic_room_13
D:6:      layout_basic, chequers_serial_rivers_small_3
D:7:      layout_gridville, mainiacjoe_overflow_alcove_1
D:8:      layout_basic, minmay_lair_entry_grove, serial_shops,
          nicolae_diamond_shop, nicolae_evil_shop, uniq_maggie,
          uniq_prince_ribbit1
D:9:      layout_basic, nicolae_elyvilon_temple_path,
          gammafunk_temple_overflow_elements, hangedman_minor_gate_pass
D:10:     layout_stronghold
D:11:     layout_basic, david_orc_4, gauntlet_entry_generic, serial_bayou,
          serial_bayou_ford_a, serial_bayou_lake_a, serial_bayou_lagoon_a,
          serial_bayou_crossing, minmay_statue_bubble
Temple:   kb_temple_of_zot
Lair:1:   layout_roguey, st_stairs_9
Lair:2:   gammafunk_indiana_jones, layout_regular_city,
          skrybe_swamp_entry_bodies, uniq_urug
Lair:3:   beast_lair_carwin_large_1, layout_cave_pods,
          spider_nest_entry_web_field, gammafunk_ghost_cemetery,
          serial_bayou_shore_b, uniq_fannar
Lair:4:   layout_roguey, nicolae_slime_entry_slimehenge,
          nicolae_quartered_pool_super, grunt_megastairs_3, lemuel_fruit_tree
Lair:5:   evilmike_catoblepas_cave, layout_long_grid, grunt_megastairs_5
Slime:1:  layout_caves, cheibrodos_slime_lost_civilization_5
Slime:2:  layout_caves
Slime:3:  cheibrodos_slime_lost_civilization_10, layout_caves
Slime:4:  layout_caves
Slime:5
Orc:1:    layout_caves
Orc:2:    grunt_orc_cross, layout_caves, uniq_azrael, uniq_sonja

Skill      XL: |  1  2  3  4  5  6  7  8  9 10 11 12 13 14 |
---------------+-------------------------------------------+-----
Invocations    | 1 2 5 6 7 8 9 10 11 | 11.1
Short Blades   | 1 5 6 7 8 9 10 | 10.2
Long Blades    | 1 5 6 7 8 9 10 | 10.2
Maces & Flails | 1 5 6 7 8 9 10 | 10.2
Polearms       | 1 5 6 7 8 9 10 | 10.2
Staves         | 1 5 6 7 8 9 10 | 10.2
Ranged Weapons | 1 5 6 7 8 9 10 | 10.2
Throwing       | 1 5 6 7 8 9 10 | 10.2
Stealth        | 1 5 6 7 8 9 10 | 10.2
Shields        | 1 5 6 7 8 9 10 | 10.2
Unarmed Combat | 1 5 6 7 8 9 11 | 11.2
Spellcasting   | 3 5 6 7 8 9 10 | 10.6
Conjurations   | 1 4 5 6 7 8 |  8.6
Hexes          | 1 4 5 6 7 8 |  8.6
Summonings     | 1 4 5 6 7 8 |  8.6
Necromancy     | 1 4 5 6 7 8 |  8.6
Transmutations | 1 4 5 6 7 8 |  8.6
Fire Magic     | 1 4 5 6 7 8 |  8.6
Ice Magic      | 1 4 5 6 7 8 |  8.6
Air Magic      | 1 4 5 6 7 8 |  8.6
Earth Magic    | 1 4 5 6 7 8 |  8.6
Poison Magic   | 1 4 5 6 7 8 |  8.6
Fighting       | 3 5 6 7 8 9 10 | 10.6
Armour         | 3 5 6 7 8 9 10 | 10.6
Dodging        | 3 5 6 7 8 9 10 | 10.6
Evocations     | 3 5 6 7 8 9 10 | 10.6
Axes           | 5 6 7 8 9 10 11 | 11.2
Translocations | 7 8 9 10 | 10.2

Action                   |  1- 3 |  4- 6 |  7- 9 | 10-12 | 13-15 || total
-------------------------+-------+-------+-------+-------+-------++-------
Melee: Hand axe          |   115 |   138 |   244 |       |       ||   497
       Bite              |    12 |    19 |    31 |    40 |    41 ||   143
       Punch             |       |     3 |    10 |    18 |    18 ||    49
       Spear             |       |       |   108 |   344 |   446 ||   898
 Cast: Gell's Gravitas   |       |     9 |    21 |     4 |    15 ||    49
       Olgreb's Toxic Ra |       |       |     9 |    33 |    53 ||    95
       Apportation       |       |       |     6 |       |     2 ||     8
       Flame Wave        |       |       |     5 |    15 |    27 ||    47
       Airstrike         |       |       |       |    32 |    19 ||    51
       Dispel Undead     |       |       |       |     7 |    10 ||    17
       Freezing Cloud    |       |       |       |    20 |    34 ||    54
Evoke: Wand              |       |       |     2 |    10 |     7 ||    19
  Use: Scroll            |     4 |     3 |     6 |    14 |     9 ||    36
       Potion            |       |     5 |     5 |     6 |     1 ||    17
 Stab: Sleeping          |     1 |       |    11 |     2 |     8 ||    22
       Distracted        |       |       |     1 |     3 |     6 ||    10
       Invisible         |       |       |       |     2 |       ||     2
       Fleeing           |       |       |       |       |     1 ||     1
Armor: Leather armour    |    38 |    13 |       |       |       ||    51
       Robe              |       |    37 |    95 |    30 |    19 ||   181
       Steam dragon scal |       |       |       |    38 |    74 ||   112
       Fire dragon scale |       |       |       |       |     4 ||     4
       Skin              |       |       |       |       |     2 ||     2
Dodge: Dodged            |    65 |    78 |   229 |   192 |   197 ||   761
       Repelled          |       |       |       |     2 |     2 ||     4
Block: Other             |       |       |       |    46 |    62 ||   108
       Reflection        |       |       |       |     3 |     4 ||     7
